 Dungeon Crawl Stone Soup version 0.24-a0-441-g27f0392e16 (webtiles) character file.

Game seed: 9349245900311698596

96 tsouns the Skirmisher (level 4, -5/29 HPs)
             Began as a Vampire Chaos Knight on June 20, 2019.
             Was a Plaything of Xom.
             Slain by Terence
             ... wielding a +0 mace
              (12 damage)
             ... on level 2 of the Dungeon.
             The game lasted 00:03:23 (1896 turns).

tsouns the Skirmisher (Vampire Chaos Knight)        Turns: 1896, Time: 00:03:25

Health: -5/29      AC:  5    Str: 11    XL:     4   Next: 41%
Magic:  4/4        EV: 12    Int: 15    God:    Xom [....*.]
Gold:   127        SH:  0    Dex: 13    Spells: 3/3 levels left

rFire    . . .     SeeInvis +   a - +0 hand axe (chaos)
rCold    + + .     Gourm    .   (no shield)
rNeg     + + +     Faith    .   b - +2 leather armour
rPois    ∞         Spirit   .   (no helmet)
rElec    .         Reflect  .   (no cloak)
rCorr    .         Harm     .   (no gloves)
MR       .....                  (no boots)
Stlth    +++.......             (no amulet)
HPRegen  0.00/turn              i - ring of flight
MPRegen  0.09/turn              (no ring)

@: lethally poisoned (-5 -> -5), bloodless, regenerating quickly
A: no food, fangs 3, see invisible, unbreathing
a: Bat Form, Revivify, Renounce Religion, Evoke Flight


You were on level 2 of the Dungeon.
You worshipped Xom.
You were a beloved toy of Xom.
You were bloodless.

You visited 1 branch of the dungeon, and saw 2 of its levels.

You collected 127 gold pieces.

Inventory:

Hand Weapons
 a - a +0 hand axe of chaos (weapon)
Missiles
 f - 15 poisoned darts
 j - 8 stones (quivered)
Armour
 b - a +2 leather armour (worn)
Jewellery
 i - a ring of flight (left hand)
Scrolls
 d - 3 scrolls of remove curse {unknown}
Potions
 c - a potion of invisibility {unknown}
 e - 2 potions of curing
 g - 3 potions of heal wounds {unknown}
 h - a potion of cancellation {unknown}


   Skills:
 + Level 3.9 Fighting
 + Level 3.8 Axes
 - Level 0.7 Armour
 - Level 2.1 Dodging


You had 3 spell levels left.
You didn't know any spells.
Your spell library was empty.

Dungeon Overview and Level Annotations

Branches:
Dungeon (2/15)

Altars:
Ashenzari
Gozag
Okawaru
Ru
Xom
Zin

Annotations:
D:2 Terence


Innate Abilities, Weirdness & Mutations

You do not eat.
You do not regenerate when monsters are visible.
You are frail without blood (-20% HP).
You are immune to poison.
You have razor-sharp teeth.
You have supernaturally acute eyesight. (SInv)
You can survive without breathing.


Message History

The helpless Terence fails to defend himself.
You hit Terence but do no damage. Terence closely misses you.
You hit Terence. You burn Terence.
Terence is lightly wounded.
Terence drinks a potion.
Terence goes berserk!
You hit Terence.
Terence is lightly wounded.
Terence closely misses you. Terence misses you.
You barely miss Terence.
Terence is lightly wounded.
Terence hits you with a +0 mace!
You are too injured to fight recklessly!
You are too injured to fight recklessly!
You completely miss Terence.
Terence is lightly wounded.
Terence hits you with a +0 mace!
* * * LOW HITPOINT WARNING * * *
Terence hits you with a +0 mace!
You die...
Xom guffaws!

### #.. ######.#####
#..........####
#...........#
....##@###.##.#
.......@# #.##.#
#....#### #.##.# ##.#
#.##.# # ###.##.# #
#...##.# ## #..
##.####.#.. .### #..
##...###.#.# ....
.####...##...<.##.#.#


You could see Terence (berserk).

Vanquished Creatures
  Jessica (D:2)
  2 adders (D:2)
  2 worms (D:2)
  2 dart slugs
  2 leopard geckos
  3 giant cockroaches
  5 goblins
  2 hobgoblins (D:2)
  2 jackals (D:2)
  5 kobolds
  A quokka (D:2)
  A ball python (D:1)
  4 bats
  A frilled lizard (D:1)
  4 rats
37 creatures vanquished.

Vanquished Creatures (collateral kills)
  A worm (D:2)
  A goblin (D:2)
2 creatures vanquished.

Vanquished Creatures (others)
  A bat (D:2)
1 creature vanquished.

Grand Total: 40 creatures vanquished

Notes
Turn   | Place    | Note
-------+----------+-------------------------------------------
     0 | D:1      | tsouns the Vampire Chaos Knight began the quest for the
                  | Orb.
     0 | D:1      | Reached XP level 1. HP: 17/17 MP: 1/1
   120 | D:1      | XOM: cloud trail
   177 | D:1      | XOM: smoke on damage
   299 | D:1      | Reached XP level 2. HP: 14/24 MP: 2/2
   626 | D:1      | XOM: harmless Chrm miscast
   635 | D:1      | XOM: divination: detect items
   705 | D:1      | XOM: harmless Conj miscast
   727 | D:1      | XOM: god gift: 27 gold pieces
   905 | D:1      | XOM: cloud trail
  1066 | D:2      | Found a sacrificial altar of Ru.
  1072 | D:2      | Found an iron altar of Okawaru.
  1097 | D:2      | Reached XP level 3. HP: 25/29 MP: 3/3
  1103 | D:2      | XOM: noise
  1118 | D:2      | Found a glowing silver altar of Zin.
  1118 | D:2      | Found a shimmering altar of Xom.
  1118 | D:2      | Noticed an angel
  1123 | D:2      | XOM: noise
  1273 | D:2      | Found an opulent altar of Gozag.
  1296 | D:2      | XOM: 5-stop teleportation journey
  1510 | D:2      | Noticed Jessica
  1513 | D:2      | XOM: enchant monster (good)
  1691 | D:2      | XOM: summons friendly quasit
  1694 | D:2      | Killed Jessica
  1694 | D:2      | Reached XP level 4. HP: 29/29 MP: 4/4
  1724 | D:2      | Found a shattered altar of Ashenzari.
  1890 | D:2      | Noticed Terence
  1896 | D:2      | Slain by Terence

Levels and vault maps discovered:
D:1:      dpeg_arrival_line_fractal, layout_basic
D:2:      layout_loops_ring, grunt_temple_overflow_order_and_chaos_1,
          lemuel_crystal_altar, lemuel_doored_altar, grunt_gozag_statues,
          first_ration, okawaru_trees_1, uniq_jessica, uniq_terence

Skill      XL: |  1 |
---------------+----+-----
Fighting       | 3 |  3.9
Axes           | 3 |  3.8
Armour         | |  0.7
Dodging        | |  2.1

Action                   |  1- 3 |  4- 6 || total
-------------------------+-------+-------++-------
Melee: Hand axe          |    90 |    27 ||   117
       Bite              |     8 |     1 ||     9
 Abil: Exsanguinate      |     1 |       ||     1
  Use: Scroll            |     4 |       ||     4
 Stab: Sleeping          |     2 |     1 ||     3
Armor: Leather armour    |    29 |     8 ||    37
Dodge: Dodged            |    68 |    12 ||    80

Table legend:
 A = Non-vault XP
 B = Vault XP
 C = Vault XP percentage of total XP
 D = Non-vault monster count
 E = Vault monster count
 F = Vault count percentage of total count
                 A         B        C        D         E       F
            +---------+---------+-------+---------+---------+-------
      Total |     101 |      37 |  26.8 |      37 |       1 |   2.6
            +---------+---------+-------+---------+---------+-------
        D:1 |      24 |       0 |   0.0 |      14 |       0 |   0.0
        D:2 |      77 |      37 |  32.5 |      23 |       1 |   4.2
            +---------+---------+-------+---------+---------+-------
